 Dungeon Crawl Stone Soup version 0.28.0-43-g3370ac3207 (webtiles) character file.

Game seed: 17404005649536665730

25 Kaptain the Digger (level 3, -1/30 HPs)
             Began as a Gargoyle Earth Elementalist on Mar 21, 2022.
             Slain by Sigmund
             ... wielding a +0 scythe
              (3 damage)
             ... on level 2 of the Dungeon.
             The game lasted 00:02:57 (859 turns).

Kaptain the Digger (Gargoyle Earth Elementalist)     Turns: 859, Time: 00:02:57

Health: -1/30      AC: 21    Str:  9 (11) XL:     3   Next: 4%
Magic:  0/6        EV:  2    Int: 16 (17) God:
Gold:   27         SH:  0    Dex:  9 (10) Spells: 2/6 levels left

rFire   . . .      SeeInvis .   a - +0 short sword
rCold   . . .      Faith    .   (no shield)
rNeg    + . .      Spirit   .   (armour currently unavailable)
rPois   ∞          Reflect  .   (helmet currently unavailable)
rElec   .          Harm     .   (cloak currently unavailable)
rCorr   .          Rampage  .   (gloves currently unavailable)
Will    .....      NoTele   +   (boots currently unavailable)
Stlth   ++........              (no amulet)
HPRegen 0.10/turn               (no ring)
MPRegen 0.10/turn               (no ring)

@: mighty, tree-form
A: stationary, stasis, torment immunity, boosted hp, sickness immunity, AC +3,
negative energy resistance 1, (electricity resistance), torment resistance 1,
petrification resistance
a: no special abilities


You were on level 2 of the Dungeon.
You were a tree.
You visited 1 branch of the dungeon, and saw 2 of its levels.

You collected 27 gold pieces.

Inventory:

Hand Weapons
 a - a +0 short sword (weapon)
Missiles
 c - 40 stones
 e - 51 sling bullets
Armour
 b - a +0 robe (melded)
Potions
 g - a potion of degeneration


   Skills:
 * Level 1.0 Fighting
 + Level 0.5 Armour
 + Level 1.7 Dodging
 - Level 2.1 Stealth
 * Level 2.2 Spellcasting
 * Level 1.0 Conjurations
 - Level 0.7 Transmutations
 * Level 3.9 Earth Magic


You had 2 spell levels left.
You knew the following spells:

 Your Spells              Type           Power      Damage    Failure   Level
a - Sandblast             Erth           28%        2d8       4%          1
b - Stone Arrow           Conj/Erth      18%        3d8       22%         3

Your spell library contained the following spells:

 Spells                   Type           Power      Damage    Failure   Level
 Passwall                 Tmut/Erth      7%         N/A       12%         2
 Petrify                  Tmut/Erth      9%         N/A       58%         4


Dungeon Overview and Level Annotations

Branches:
Dungeon (2/15)

Altars:

Annotations:
D:2 Sigmund


Innate Abilities, Weirdness & Mutations

You are a tree.
Your roots penetrate the ground, keeping you stationary.
You cannot be teleported.
You are immune to unholy pain and torment.
Your maximum health is greatly increased.
Your equipment is partially melded.
You are immune to sickness and miasma.
((Your stone body is resilient. (AC +3)))
You are immune to poison.
You resist negative energy. (rN+)
((You are resistant to electric shocks. (rElec)))
You are resistant to unholy torment.
You are immune to petrification.


Message History

Press: ? - help, Shift-Dir - straight line The blast of sand hits something!
Something hits you.
* * * LOW HITPOINT WARNING * * *
Unknown command.
Okay, then.
There is a strange disturbance nearby!
Casting: Sandblast (safe; 4% risk of failure)
Confirm with . or Enter, or press ? or * to list all spells.
Aiming: Sandblast (safe; 4% risk of failure)
Press: ? - help, Shift-Dir - straight line The blast of sand hits something.
Something hits you.
* * * LOW HITPOINT WARNING * * *
Unknown command.
You aren't carrying any items that you can evoke.
Unknown command.
As you read the scroll labelled BIBBOI FOTU, it crumbles to dust.
It is a scroll of amnesia.
Really abort (and waste the scroll)?
Okay, then.
You hear some strange, mumbled words.
Something tries to affect you, but you resist.
As you read the scroll labelled FIOMOT DOXULUN, it crumbles to dust.
You feel aware of your surroundings.
You sensed 1 shop/portal.
It was a scroll of magic mapping.
Something hits you but does no damage. Something hits you but does no damage.
You cannot move.
Something hits you but does no damage. Something hits you but does no damage.
A magic dart appears from out of thin air!
The magic dart hits you but does no damage.
Something hits you.
* * * LOW HITPOINT WARNING * * *
Unknown command.
Casting: Sandblast (safe; 4% risk of failure)
Confirm with . or Enter, or press ? or * to list all spells.
Aiming: Sandblast (safe; 4% risk of failure)
Press: ? - help, Shift-Dir - straight line Unknown command.
Something hits you.
You die...

**,,,,,,******* *,*
******
*..#.#,*********,*
*,,,,*
*#.#.#,,,,,,,,,,,*
*,,,,*
#.#.#************
***,,,,**##...#
*****,,,,,,,,,....#
,,,,*,*,,,,####...#
,,,,*,*,,,,#....†.#
,,,,*,**####....♣>#
,,,,*,**#.....=...###
,,,,,,,,......{.....#
,,,,,,,,......#'#...#
***,,,,,......#.#...#
*,,,,,,......#.#...#
*,,,,**#####*#.#...#
*,,,,* #.##### *,,,,*
#.#


There were no monsters in sight!

Vanquished Creatures
  An adder (D:2)
  A dart slug (D:1)
  An endoplasm (D:2)
  A goblin (D:1)
  2 hobgoblins (D:1)
  A quokka (D:1)
  A ball python (D:1)
  3 bats
  2 frilled lizards
  A kobold (D:1)
  A rat (D:1)
15 creatures vanquished.

Notes
Turn   | Place    | Note
-------+----------+-------------------------------------------
     0 | D:1      | Kaptain the Gargoyle Earth Elementalist began the quest for
                  | the Orb.
     0 | D:1      | Reached XP level 1. HP: 10/10 MP: 3/3
   250 | D:1      | Reached XP level 2. HP: 12/16 MP: 1/5
   336 | D:1      | Found a faded altar of an unknown god.
   801 | D:2      | Noticed Sigmund
   803 | D:2      | Reached skill level 1 in Fighting
   803 | D:2      | Reached skill level 1 in Conjurations
   803 | D:2      | Reached XP level 3. HP: 20/20 MP: 4/6
   811 | D:2      | Learned a level 3 spell: Stone Arrow
   859 | D:2      | Slain by Sigmund

Illustrated notes

Levels and vault maps discovered:
D:1:      lightli_arrival_quake, layout_rooms,
          chequers_ecumenical_altar_simple_redux
D:2:      layout_basic, serial_shops, shop_statue, uniq_sigmund

Skill      XL: |  1  2 |
---------------+-------+-----
Fighting       | 1 |  1.0
Conjurations   | 1 |  1.0
Armour         | |  0.5
Dodging        | |  1.7
Stealth        | |  2.1
Spellcasting   | |  2.2
Transmutations | |  0.7
Earth Magic    | |  3.9

Action                   || total
-------------------------++-------
Melee: Short sword       ||    18
       Unarmed           ||     1
 Cast: Sandblast         ||    20
       Stone Arrow       ||     1
  Use: Potion            ||     5
       Scroll            ||     2
 Stab: Sleeping          ||     1
Armor: Robe              ||     7
       Skin              ||     9
Dodge: Dodged            ||    16
